 Dungeon Crawl Stone Soup version 0.26.1-11-gd32895ea62 (webtiles) character file.

Game seed: 5463465983414123056

20 adizb the Caller (level 2, -2/24 HPs)
             Began as a Naga Summoner on June 27, 2021.
             Slain by an adder (3 damage)
             ... on level 2 of the Dungeon.
             The game lasted 00:05:42 (696 turns).

adizb the Caller (Naga Summoner)                     Turns: 696, Time: 00:05:42

Health: -2/24      AC:  2    Str: 10    XL:     2   Next: 79%
Magic:  5/5        EV:  2    Int: 15    God:
Gold:   93         SH:  0    Dex: 11    Spells: 4/5 levels left

rFire    . . .     SeeInvis +   b - +0 club
rCold    . . .     Faith    .   (no shield)
rNeg     . . .     Spirit   .   d - -2 chain mail (curse)
rPois    +         Reflect  .   (no helmet)
rElec    .         Harm     .   (no cloak)
rCorr    .         Rampage  .   (no gloves)
Will     .....                  (no barding)
Stlth    ..........             (no amulet)
HPRegen  0.08/turn              (no ring)
MPRegen  0.09/turn              (no ring)

@: very slow
A: large, see invisible, deformed body, poison resistance, slowness 2, spit
poison 1, AC +0
a: Spit Poison


You were on level 2 of the Dungeon.
You visited 1 branch of the dungeon, and saw 2 of its levels.

You collected 93 gold pieces.

Inventory:

Hand Weapons
 b - a +0 club (weapon)
Armour
 a - a +0 robe
 d - a cursed -2 chain mail (worn)
 e - a +0 ring mail
 g - a +0 ring mail
Scrolls
 f - 2 scrolls of blinking
Potions
 c - 2 potions of might


   Skills:
 + Level 0.6 Fighting
 + Level 1.8 Dodging
 + Level 3.4 Stealth
 + Level 2.1 Spellcasting
 * Level 4.2 Summonings


You had 4 spell levels left.
You knew the following spells:

 Your Spells              Type           Power        Failure   Level
a - Summon Small Mammal   Summ           56%          98%         1

Your spell library contained the following spells:

 Spells                   Type           Power        Failure   Level
 Call Imp                 Summ           14%          99%         2
 Call Canine Familiar     Summ           14%          100%        3
 Summon Guardian Golem    Hex/Summ       8%           100%        3
 Summon Ice Beast         Ice/Summ       8%           100%        4
 Summon Lightning Spire   Summ/Air       8%           100%        4


Dungeon Overview and Level Annotations

Branches:
Dungeon (2/15)

Altars:


Innate Abilities, Weirdness & Mutations

You cannot wear boots.
Your serpentine skin is tough. (AC +0)
You have supernaturally acute eyesight. (SInv)
Armour fits poorly on your strangely shaped body.
Your system is resistant to poisons. (rPois)
You cover ground very slowly.
You can spit poison.


Message History

Aim: a worm The splash of poison hits the worm!
The worm is poisoned.
The worm is heavily wounded.
You have got your breath back.
You enter the shallow water.
Moving in this stuff is going to be slow.
An adder comes into view.
The adder hisses angrily.
The worm bites you.
Found a short sword.
You hit the worm.
The worm is severely wounded.
The worm looks more healthy.
The worm bites you!
* * * LOW HITPOINT WARNING * * *
You enter the shallow water.
Moving in this stuff is going to be slow.
An adder comes into view.
The adder hisses angrily.
The adder bites you.
You die...

≈≈≈≈≈≈≈≈.. ≈≈≈≈≈≈≈≈...
#.≈≈≈≈♣..≈≈≈..##
#..≈≈≈._S≈≈≈...+
###≈≈≈≈≈♣.≈≈≈≈≈.##
....≈≈≈≈≈≈≈≈≈≈..+ .
#≈≈≈≈≈≈≈≈≈≈≈..# ...
#..≈≈≈≈≈≈≈≈≈≈≈##.....
#.≈.≈.≈..≈@Sw.......#
#≈..≈..≈..≈≈..#####.#
####.###.##......#
#..#.# #.##......#
####..#.# #.##.........
......#.# #............#
##......##########.###.#
#.#.............)... ..
#..##........... ...


You could see a worm and 2 adders.

Vanquished Creatures
  A dart slug (D:2)
  A leopard gecko (D:1)
  A giant cockroach (D:1)
  2 goblins (D:1)
  3 hobgoblins (D:1)
  2 jackals (D:1)
  2 bats (D:1)
  A kobold (D:2)
  3 rats (D:1)
16 creatures vanquished.

Vanquished Creatures (others)
  6 plants (D:2)
6 creatures vanquished.

Grand Total: 22 creatures vanquished

Notes
Turn   | Place    | Note
-------+----------+-------------------------------------------
     0 | D:1      | adizb the Naga Summoner began the quest for the Orb.
     0 | D:1      | Reached XP level 1. HP: 15/15 MP: 3/3
   348 | D:1      | Reached XP level 2. HP: 20/24 MP: 5/5
   675 | D:2      | Found a faded altar of an unknown god.
   693 | D:2      | HP: 1/24 [worm (9)]
   696 | D:2      | Slain by an adder

Illustrated notes

Levels and vault maps discovered:
D:1:      evilmike_arrival_rings, layout_loops_ring, hangedman_decor_push
D:2:      layout_basic, marbit_many_paths, nicolae_overflow_hidden_temple,
          chequers_ecumenical_altar_island, serial_bayou, serial_bayou_pond_d,
          serial_bayou_shore_b, serial_bayou_ford_a, serial_bayou_shore_a,
          serial_bayou_lake_a

Action                   || total
-------------------------++-------
Melee: Club              ||    20
       Unarmed           ||     4
 Abil: Spit Poison       ||    20
  Use: Scroll            ||     3
       Potion            ||     1
Armor: Chain mail        ||    16
Dodge: Dodged            ||     5
